Cogmind - Beta 13 @@@ ROGUE MODE // 2024.06.10 @ 17:41:46 // Winter2019/RPGLIKE Player: TinyBoulder Result: Destroyed by Enhanced Grunt with Neutron Cannon Performance ------------- Evolutions (3) 1500 Regions Visited (9) 1800 Robots Destroyed (45) 225 Value Destroyed (1210) 1210 Prototype IDs (215) 4300 Alien Tech Used (0) 0 Bonus (3300) 3300 TOTAL SCORE: 12335 Bonus ------- Met Data Miner 300 Used Data Conduit 3000 Cogmind --------- Core Integrity 0/600 Matter 300/300 Energy 290/290 System Corruption 1% Temperature Cool (0) Movement Flying (26) Location -7/Data Miner Parts ------- > --- POWER (1) -------- Improved Deuterium Engine > --- PROPULSION (4) --- Surge Thruster Surge Thruster Surge Thruster Surge Thruster > --- UTILITY (5) ------ Advanced Weight Redist. System Improved Melee Analysis Suite Core Analyzer Reaction Control System Improved Medium Armor Plating > --- WEAPON (2) ------- Greatsword > --- INVENTORY (2) ---- Layered Light Armor Plating Remote Datajack Peak State ------------ > --- POWER ------------ Improved Deuterium Engine > --- PROPULSION ------- Surge Thruster Surge Thruster Surge Thruster Surge Thruster > --- UTILITY ---------- Advanced Weight Redist. System Improved Melee Analysis Suite Core Analyzer Reaction Control System Improved Medium Armor Plating > --- WEAPON ----------- Greatsword > --- INVENTORY -------- Layered Light Armor Plating [Rating: 42] Favorites ----------- Power Light Ion Engine Engine Light Ion Engine Propulsion Surge Thruster Treads Light Treads Hover Unit Hover Unit Flight Unit Surge Thruster Utility Light Armor Plating Device Reaction Control System Processor Improved Melee Analysis Suite Hackware Hacking Suite Protection Light Armor Plating Weapon Mining Claw Ballistic Gun Light Assault Rifle Impact Weapon Hammer Slashing Weapon Mining Claw Build | -11 -10 -10 -9 -9 -8 -7 -7 -7 -7 ------- Run | Yrd Mat Min Mat Min Mat Fac Low Low Dat Slots Evolved 8 | 3 . . . . 1 4 . . . Power . | . . . . . . . . . . Propulsion 3 | 1 . . . . . 2 . . . Utility 4 | 1 . . . . 1 2 . . . Weapon 1 | 1 . . . . . . . . . Parts Attached 38 | 5 10 . 3 2 9 9 . . . Power 2 | 1 . . . . . 1 . . . Engine 2 | 1 . . . . . 1 . . . Core . | . . . . . . . . . . Reactor . | . . . . . . . . . . Propulsion 9 | 2 3 . . . 2 2 . . . Treads 2 | 2 . . . . . . . . . Leg . | . . . . . . . . . . Wheel . | . . . . . . . . . . Hover 1 | . 1 . . . . . . . . Flight 6 | . 2 . . . 2 2 . . . Utility 16 | . 4 . 1 1 5 5 . . . Device 5 | . 2 . . 1 1 1 . . . Storage . | . . . . . . . . . . Processor 4 | . . . . . 1 3 . . . Hackware 1 | . . . . . 1 . . . . Protection 6 | . 2 . 1 . 2 1 . . . Artifact . | . . . . . . . . . . Weapon 11 | 2 3 . 2 1 2 1 . . . Energy Gun . | . . . . . . . . . . Energy Cannon . | . . . . . . . . . . Ballistic Gun 2 | 2 . . . . . . . . . Ballistic Cannon . | . . . . . . . . . . Launcher . | . . . . . . . . . . Special Weapon . | . . . . . . . . . . Impact Weapon 5 | . . . 2 1 2 . . . . Slashing Weapon 4 | . 3 . . . . 1 . . . Piercing Weapon . | . . . . . . . . . . Special Melee Weapon . | . . . . . . . . . . Unidentified Prototypes 1 | . . . . 1 . . . . . Parts Lost . | . . . . . . . . . . Power . | . . . . . . . . . . Propulsion . | . . . . . . . . . . Utility . | . . . . . . . . . . Weapon . | . . . . . . . . . . Highest Loss Streak . | . . . . . . . . . . To Critical Strikes . | . . . . . . . . . . Average Slot Usage (%) 95 | . 93 100 99 100 99 95 91 91 91 Engine 11 | . 14 14 14 14 12 9 8 8 8 Treads 5 | . 18 . . . . . . . . Flight 20 | . 8 28 28 28 25 22 33 33 33 Device 11 | . 3 . . 9 12 18 16 16 16 Processor 8 | . . . . . 1 19 16 16 16 Protection 14 | . 19 28 28 18 12 9 8 8 8 Impact Weapon 9 | . . . 21 28 25 10 . . . Slashing Weapon 10 | . 26 28 5 . . 4 8 8 8 Naked Turns . | . . . . . . . . . . Heaviest Build 23 | 5 13 13 17 18 16 23 23 23 23 Greatest Support 40 | 40 40 13 18 18 18 31 35 31 31 Greatest Overweight (x) . | . . . . . . . . . . Average Overweight (x) . | . . . . . . . . . . Largest Inventory Capacity 2 | 1 1 1 1 1 2 2 2 2 2 Average Capacity 1 | . 1 1 1 1 1 2 2 2 2 Most Carried 2 | 1 1 1 1 1 2 2 2 2 2 Average Carried 1 | . . 1 1 1 1 1 1 2 2 Final Capacity 2 | 1 1 1 1 1 2 2 2 2 2 Final Carried 2 | 1 1 1 1 1 2 1 2 2 2 Class Distribution -------------------- 46% | Hacker-Sprinter 43% | Gladiator 6% | Hacker-Gladiator 3% | Mutant Dominant Class ---------------- Gladiator | -10/Materials Gladiator | -10/Mines Gladiator | -9/Materials Gladiator | -9/Mines Hacker-Gladiator | -8/Materials Hacker-Sprinter | -7/Factory Hacker-Sprinter | -7/Lower Caves Hacker-Sprinter | -7/Lower Caves Hacker-Sprinter | -7/Data Miner Resources | -11 -10 -10 -9 -9 -8 -7 -7 -7 -7 ----------- Run | Yrd Mat Min Mat Min Mat Fac Low Low Dat Matter Collected 580 | 250 100 . 30 20 80 92 8 . . Remotely . | . . . . . . . . . . Salvage Created 1524 | . 541 . 291 . 72 281 272 67 . Parts 92 | . 37 . 17 . 4 11 18 5 . Haulers Intercepted 4 | . 2 . 1 . . 1 . . . Recyclers Shooed 3 | . 3 . . . . . . . . Parts Field Recycled . | . . . . . . . . . . Retrieved Matter . | . . . . . . . . . . Parts Self-Destructed 22 | . . . . . . . 17 5 . Prevented . | . . . . . . . . . . Kills | -11 -10 -10 -9 -9 -8 -7 -7 -7 -7 ------- Run | Yrd Mat Min Mat Min Mat Fac Low Low Dat Combat Hostiles Destroyed 28 | . 7 . 9 . 2 4 5 1 . Melee 25 | . 7 . 7 . 2 3 5 1 . Classes Destroyed 11 | . 8 . 1 . 1 . 1 . . Worker 2 | . 2 . . . . . . . . Builder 1 | . 1 . . . . . . . . Tunneler 1 | . 1 . . . . . . . . Hauler 4 | . 2 . 1 . . 1 . . . Recycler 2 | . 2 . . . . . . . . Operator 2 | . . . . . 1 1 . . . Watcher 5 | . 3 . 2 . . . . . . Swarmer 16 | . 6 . 7 . 1 2 . . . Grunt 5 | . 1 . . . 1 1 2 . . Sentry 4 | . . . 2 . . 1 1 . . Programmer 3 | . . . . . . . 2 1 . Best Kill Streak 9 | . 6 . 9 . 2 3 3 1 . Combat Bots Only 8 | . 3 . 8 . 1 3 3 1 . Max Kills in Single Turn 1 | . 1 . 1 . 1 1 1 1 . Gunslinging . | . . . . . . . . . . Exploded . | . . . . . . . . . . Melee 1 | . 1 . 1 . 1 1 1 1 . Uniques/NPCs Destroyed . | . . . . . . . . . . Combat | -11 -10 -10 -9 -9 -8 -7 -7 -7 -7 -------- Run | Yrd Mat Min Mat Min Mat Fac Low Low Dat Hostile Shots Fired 217 | . 36 . 49 . 32 18 66 2 14 Missed 85 | . 4 . 23 . 14 13 27 . 4 Damage Taken 1851 | . 291 . 267 . 360 53 417 31 432 Core 1280 | . 219 . 147 . 247 35 272 18 342 Absorbed by Shields . | . . . . . . . . . . Redirected to Core 1078 | . 184 . 128 . 192 30 184 18 342 Regen/Repaired (Parts) 23 | . 23 . . . . . . . . Core Remaining (%) 69 | 100 . 63 . 39 76 . . . . Volleys Fired . | . . . . . . . . . . Largest . | . . . . . . . . . . Hottest . | . . . . . . . . . . Shots Fired . | . . . . . . . . . . Gun . | . . . . . . . . . . Cannon . | . . . . . . . . . . Launcher . | . . . . . . . . . . Special . | . . . . . . . . . . Kinetic . | . . . . . . . . . . Thermal . | . . . . . . . . . . Explosive . | . . . . . . . . . . Electromagnetic . | . . . . . . . . . . Robot Hit Streak . | . . . . . . . . . . Robot Miss Streak . | . . . . . . . . . . Penetration Max . | . . . . . . . . . . Secondary Targets . | . . . . . . . . . . Shots Hit Robots 126 | . 59 . 27 . 11 13 8 1 7 Core Hits 41 | . 17 . 9 . 2 4 5 1 3 Critical Kills 2 | . . . 1 . . 1 . . . Critical Parts Destroyed 4 | . . . 2 . . 2 . . . Critical Strikes 13 | . . . 3 . . 6 . . 4 Smash 6 | . . . 3 . . 3 . . . Sever 7 | . . . . . . 3 . . 4 Melee Attacks 223 | . 76 . 40 1 23 52 16 1 14 Impact 75 | . . . 37 1 23 14 . . . Slashing 148 | . 76 . 3 . . 38 16 1 14 Piercing . | . . . . . . . . . . Sneak Attacks 21 | . 17 . 1 . . 1 1 . 1 Combat Hostiles 1 | . . . . . . . 1 . . Follow-up Attacks 21 | . 13 . 5 . 2 1 . . . Damage Inflicted 4902 | . 1759 . 697 . 441 887 558 76 484 Guns . | . . . . . . . . . . Cannons . | . . . . . . . . . . Explosions . | . . . . . . . . . . Melee 4902 | . 1759 . 697 . 441 887 558 76 484 Ramming . | . . . . . . . . . . Kinetic . | . . . . . . . . . . Thermal . | . . . . . . . . . . Explosive . | . . . . . . . . . . Electromagnetic . | . . . . . . . . . . Impact 1426 | . . . 643 . 441 342 . . . Slashing 3476 | . 1759 . 54 . . 545 558 76 484 Piercing . | . . . . . . . . . . Highest Corruption 1 | . . . . . . . 1 1 1 Average Corruption 1 | . . . . . . . 1 1 1 Corruption Purged . | . . . . . . . . . . Corruption Blocked . | . . . . . . . . . . Effects 1 | . . . . . . . . . 1 Data Loss (major) 1 | . . . . . . . . . 1 Overload Shots . | . . . . . . . . . . Overflow Damage 487 | . 144 . 129 . 11 130 73 . . Projectiles . | . . . . . . . . . . Explosions . | . . . . . . . . . . Melee 487 | . 144 . 129 . 11 130 73 . . Knockbacks 2 | . . . . . 1 1 . . . Impact 2 | . . . . . 1 1 . . . Kinetic . | . . . . . . . . . . Secondary . | . . . . . . . . . . Self-Inflicted Damage . | . . . . . . . . . . Shots . | . . . . . . . . . . Rammed . | . . . . . . . . . . Targets Rammed . | . . . . . . . . . . Kicked . | . . . . . . . . . . Crushed . | . . . . . . . . . . Highest Temperature 186 | . . . . . 15 . 186 . . Average Temperature 75 | . . . . . 10 . 79 . . Received Heat Transfer 384 | . 66 . 45 . 72 15 186 . . Siege Activations . | . . . . . . . . . . Robots Corrupted . | . . . . . . . . . . Combat Hostiles . | . . . . . . . . . . Parts Fried 6 | . . . 5 . 1 . . . . Impact Corruptions 15 | . . . 11 . 2 2 . . . Robots Melted . | . . . . . . . . . . Combat Hostiles . | . . . . . . . . . . Parts Melted . | . . . . . . . . . . Heat Transferred . | . . . . . . . . . . Parts Sabotaged . | . . . . . . . . . . Parts Stolen . | . . . . . . . . . . Parts Stripped . | . . . . . . . . . . Power Chain Reactions . | . . . . . . . . . . Alert | -11 -10 -10 -9 -9 -8 -7 -7 -7 -7 ------- Run | Yrd Mat Min Mat Min Mat Fac Low Low Dat Peak Influence 574 | . 150 58 358 154 175 574 . . . Initial 139 | . . 58 22 139 59 79 . . . Average 139 | . 55 58 123 144 103 245 . . . Maximum Alert Level 2 | . . . 1 . . 2 . . . Low Security (%) 79 | 100 100 100 76 100 100 50 . . . Level 1 14 | . . . 23 . . 33 . . . Level 2 5 | . . . . . . 15 . . . Level 3 . | . . . . . . . . . . Level 4 . | . . . . . . . . . . Level 5 . | . . . . . . . . . . High Security . | . . . . . . . . . . Max Security . | . . . . . . . . . . Squads Dispatched 6 | . 1 . 1 . 2 2 . . . Investigation 2 | . 1 . . . . 1 . . . Extermination . | . . . . . . . . . . Reinforcement 4 | . . . 1 . 2 1 . . . Assault . | . . . . . . . . . . Garrison . | . . . . . . . . . . Intercept . | . . . . . . . . . . Searches Triggered . | . . . . . . . . . . Construction Impeded . | . . . . . . . . . . Haulers Reinforced . | . . . . . . . . . . Active Scanning Responses . | . . . . . . . . . . Cargo Convoy Interrupts . | . . . . . . . . . . Stealth | -11 -10 -10 -9 -9 -8 -7 -7 -7 -7 --------- Run | Yrd Mat Min Mat Min Mat Fac Low Low Dat Distress Signals 6 | . 2 . 1 . 2 1 . . . Communications Jammed . | . . . . . . . . . . Distress Signals . | . . . . . . . . . . Times Spotted 86 | . 15 . 17 . 23 18 9 1 3 Peak Tracking Total 11 | . 3 . 11 . 6 4 4 1 3 Tactical Retreats 8 | . . . 1 . 2 2 3 . . Traps | -11 -10 -10 -9 -9 -8 -7 -7 -7 -7 ------- Run | Yrd Mat Min Mat Min Mat Fac Low Low Dat Traps Triggered 1 | . . . . . 1 . . . . Indirectly . | . . . . . . . . . . Trap Hack Attempts . | . . . . . . . . . . Triggered . | . . . . . . . . . . Disarmed . | . . . . . . . . . . Reprogrammed . | . . . . . . . . . . Reused . | . . . . . . . . . . Traps Extracted . | . . . . . . . . . . Installed . | . . . . . . . . . . Triggered 1 | . . . . . . . . 1 . Machines | -11 -10 -10 -9 -9 -8 -7 -7 -7 -7 ---------- Run | Yrd Mat Min Mat Min Mat Fac Low Low Dat Machines Disabled 28 | . . . 1 1 2 23 1 . . Max in Single Turn 1 | . . . 1 1 1 1 1 . . Garrison Access 1 | . . . . . . 1 . . . Machines Repaired . | . . . . . . . . . . Machines Dismantled . | . . . . . . . . . . Machines Sabotaged . | . . . . . . . . . . Overloaded Fab Kills . | . . . . . . . . . . Hacking | -11 -10 -10 -9 -9 -8 -7 -7 -7 -7 --------- Run | Yrd Mat Min Mat Min Mat Fac Low Low Dat Machines Accessed 32 | . 5 . 4 1 4 15 . . 3 Terminals 19 | . 2 . 4 . 4 9 . . . Fabricators 1 | . . . . . . 1 . . . Repair Stations 1 | . 1 . . . . . . . . Recycling Units 4 | . 2 . . . . 2 . . . Scanalyzers 1 | . . . . . . 1 . . . Garrison Access 2 | . . . . . . 2 . . . Total Hacks 99 | . 12 . 11 1 12 39 . . 24 Successful 61 | . 9 . 6 1 4 17 . . 24 Failed 38 | . 3 . 5 . 8 22 . . . Catastrophic 6 | . 1 . 1 . 1 3 . . . Database Lockouts . | . . . . . . . . . . Manual 19 | . 3 . . . 6 10 . . . Terminals 58 | . 7 . 11 . 12 28 . . . Fabricators 2 | . . . . . . 2 . . . Repair Stations 2 | . 2 . . . . . . . . Recycling Units 6 | . 3 . . . . 3 . . . Scanalyzers 3 | . . . . . . 3 . . . Garrison Access 3 | . . . . . . 3 . . . Terminal Hacks 48 | . 4 . 6 1 4 9 . . 24 Record 6 | . . . . . . . . . 6 Part Schematic 13 | . . . . . . 2 . . 11 Robot Schematic 4 | . . . . . . . . . 4 Prototype ID Bank 3 | . . . . . . . . . 3 Open Door 1 | . . . . 1 . . . . . Branch Access Points 2 | . . . 1 . . 1 . . . Machine Index 1 | . . . . . . 1 . . . Terminal Index 1 | . 1 . . . . . . . . Fabricator Index 1 | . . . . . . 1 . . . Alert Level 3 | . . . 1 . 1 1 . . . Unreport Threat 2 | . 1 . . . 1 . . . . Locate Traps 6 | . 1 . 3 . . 2 . . . Recall Investigation 1 | . . . . . . 1 . . . Zone Layout 4 | . 1 . 1 . 2 . . . . Fabricator Hacks 2 | . . . . . . 2 . . . Load Schematic 1 | . . . . . . 1 . . . Build 1 | . . . . . . 1 . . . Repair Station Hacks 2 | . 2 . . . . . . . . Scan Component 1 | . 1 . . . . . . . . Repair 1 | . 1 . . . . . . . . Recycling Unit Hacks 4 | . 3 . . . . 1 . . . Report Inventory 3 | . 2 . . . . 1 . . . Retrieve Components 1 | . 1 . . . . . . . . Scanalyzer 3 | . . . . . . 3 . . . Insert Component 1 | . . . . . . 1 . . . Analyze 2 | . . . . . . 2 . . . Garrison Access Hacks 1 | . . . . . . 1 . . . Seal Access 1 | . . . . . . 1 . . . Unauthorized Hacks 1 | . . . . . . 1 . . . Terminals . | . . . . . . . . . . Fabricators . | . . . . . . . . . . Repair Stations . | . . . . . . . . . . Recycling Units 1 | . . . . . . 1 . . . Monitor 1 | . . . . . . 1 . . . Scanalyzers . | . . . . . . . . . . Garrison Access . | . . . . . . . . . . Data Cores Recovered 2 | . . . . . 1 1 . . . Used . | . . . . . . . . . . Hacking Detections 21 | . 2 . 3 . 4 12 . . . Full Trace Events 2 | . 1 . . . . 1 . . . Feedback Events . | . . . . . . . . . . Feedback Blocked . | . . . . . . . . . . Robot Schematics Acquired 4 | . . . . . . . . . 4 Robots Built . | . . . . . . . . . . Authchips . | . . . . . . . . . . Time . | . . . . . . . . . . Total Robot Build Rating . | . . . . . . . . . . Part Schematics Acquired 14 | . . . . . . 3 . . 11 Parts Built 2 | . . . . . . 2 . . . Authchips . | . . . . . . . . . . Time 84 | . . . . . . 84 . . . Total Part Build Rating 8 | . . . . . . 8 . . . Parts Repaired 1 | . 1 . . . . . . . . Time 26 | . 26 . . . . . . . . Parts Recycled . | . . . . . . . . . . Recycled Matter . | . . . . . . . . . . Retrieved Matter . | . . . . . . . . . . Retrieved Components 3 | . 3 . . . . . . . . Parts Scanalyzed 1 | . . . . . . 1 . . . Part Schematics Acquired 1 | . . . . . . 1 . . . Parts Damaged . | . . . . . . . . . . Bothacking | -11 -10 -10 -9 -9 -8 -7 -7 -7 -7 ------------ Run | Yrd Mat Min Mat Min Mat Fac Low Low Dat Used RIF Installer . | . . . . . . . . . . Robots Hacked . | . . . . . . . . . . Non-combat . | . . . . . . . . . . Combat . | . . . . . . . . . . Robot Hacks Applied . | . . . . . . . . . . Relay Couplers Released . | . . . . . . . . . . Fabnet Peak Effective % . | . . . . . . . . . . Robots Rewired . | . . . . . . . . . . Allies Hacked . | . . . . . . . . . . Hacks Repelled . | . . . . . . . . . . Allies | -11 -10 -10 -9 -9 -8 -7 -7 -7 -7 -------- Run | Yrd Mat Min Mat Min Mat Fac Low Low Dat Total Allies 2 | . . . . 2 . . . . . Largest Group 2 | . . . . 2 . . . . . Highest-Rated Group 39 | . . . . 39 . . . . . Highest-Rated Ally 31 | . . . . 31 . . . . . Total Orders . | . . . . . . . . . . Ally Attacks . | . . . . . . . . . . Total Damage . | . . . . . . . . . . Kills . | . . . . . . . . . . Allies Corrupted . | . . . . . . . . . . Allies Melted . | . . . . . . . . . . Intel | -11 -10 -10 -9 -9 -8 -7 -7 -7 -7 ------- Run | Yrd Mat Min Mat Min Mat Fac Low Low Dat Robot Analysis Total 134 | . . . . . . . . . 134 Derelict Logs Recovered 5 | . . . . 1 . . 2 2 . Drone Launches . | . . . . . . . . . . Drone Recoveries . | . . . . . . . . . . Exploration | -11 -10 -10 -9 -9 -8 -7 -7 -7 -7 ------------- Run | Yrd Mat Min Mat Min Mat Fac Low Low Dat Turns Passed 2443 | 72 695 20 219 145 220 768 163 57 84 Spaces Moved 3728 | 43 497 53 271 375 296 1477 436 199 81 Core 4 | 4 . . . . . . . . . Treads 244 | 39 205 . . . . . . . . Legs . | . . . . . . . . . . Wheels . | . . . . . . . . . . Hover . | . . . . . . . . . . Flight 3480 | . 292 53 271 375 296 1477 436 199 81 Fastest Speed 14 | 50 37 37 37 37 32 26 14 26 26 Average Speed 40 | 149 87 37 37 37 35 30 25 26 26 Slowest Speed 160 | 160 160 37 37 37 37 32 26 26 26 Overloaded Moves 28 | . . . . . . . 28 . . Propulsion Burnouts . | . . . . . . . . . . Robots Hopped 17 | . 1 . . . 1 14 1 . . Cave-ins Triggered . | . . . . . . . . . . Exploration Rate (%) 47 | 4 81 29 31 88 29 35 67 37 78 Regions Visited 9 Branch Regions 5 Pre-discovered Areas 28 | . . . . . . . . . 28 Known Exits Taken 3 | . . . 1 1 . 1 . . . Unknown Exits Taken 6 | 1 1 1 . . 1 . 1 1 . Scrap Searched 5 | . . 1 . 3 . . 1 . . Spaces Dug 9 | . 2 . . . . 7 . . . Terrain Destroyed 9 | . 2 . . . . 7 . . . Melee 9 | . 2 . . . . 7 . . . Projectile . | . . . . . . . . . . AOE . | . . . . . . . . . . Terrain Rammed . | . . . . . . . . . . Walls Destroyed . | . . . . . . . . . . Machines Disabled . | . . . . . . . . . . Actions | -11 -10 -10 -9 -9 -8 -7 -7 -7 -7 --------- Run | Yrd Mat Min Mat Min Mat Fac Low Low Dat Total 4277 | 48 625 52 326 379 387 1687 455 201 117 Wait 270 | . 51 . 16 . 34 144 1 2 22 Move 3685 | 42 494 52 270 374 293 1448 433 198 81 Hop 17 | . 1 . . . 1 14 1 . . Pick Up 14 | 1 1 . . . 2 9 1 . . Fast Attach 31 | 5 10 . 3 2 9 2 . . . Attach 6 | . . . . . . 6 . . . Detach . | . . . . . . . . . . Swap 1 | . . . . . . 1 . . . Drop 28 | . 8 . 3 2 6 9 . . . Fire . | . . . . . . . . . . Melee 195 | . 60 . 34 1 20 49 16 1 14 Ram . | . . . . . . . . . . Kick . | . . . . . . . . . . Crush . | . . . . . . . . . . Escape Stasis . | . . . . . . . . . . Rewire . | . . . . . . . . . . Trap . | . . . . . . . . . . Miscellaneous 30 | . . . . . 22 5 3 . . Route ------- -11/Scrapyard -10/Materials (discovered 4 exits: *Mat x3 / [*Min]) -10/Mines (discovered 2 exits: *Mat x2) -9/Materials (discovered 3 exits: *Mat / *Min x2) -9/Mines (discovered 2 exits: *Mat x2) -8/Materials -7/Factory (discovered 4 exits: [*Fac] / Sto / *Low x2) -7/Lower Caves -7/Lower Caves (discovered 2 exits: [*Fac] / *Dat) -7/Data Miner (discovered 1 exit: [*Pro]) History --------- Turn | Location | Event 7 | -11/Scrapyard | Upgraded with Propulsion slot (x1) 7 | -11/Scrapyard | Upgraded with Utility slot (x1) 7 | -11/Scrapyard | Upgraded with Weapon slot (x1) 7 | -11/Scrapyard | Discovered new exit (range 15) 73 | -11/Scrapyard | Entered Materials 318 | -10/Materials | Discovered new exit (range 16) 367 | -10/Materials | Repaired Mining Claw 432 | -10/Materials | Discovered new exit (range 8) 574 | -10/Materials | Discovered new exit (range 16) 672 | -10/Materials | Build established: Gladiator 720 | -10/Materials | Discovered new exit (range 16) 768 | -10/Materials | Entered Mines 770 | -10/Mines | Reached level 2 773 | -10/Mines | Discovered new exit (range 10) 780 | -10/Mines | Discovered new exit (range 13) 788 | -10/Mines | Entered Materials 788 | -9/Materials | Discovered new exit (range 14) 790 | -9/Materials | Reached level 3 837 | -9/Materials | Identified exit to Mines 890 | -9/Materials | Discovered new exit (range 16) 955 | -9/Materials | Core integrity fell below 50% 1007 | -9/Materials | Entered Mines 1009 | -9/Mines | Reached level 4 1017 | -9/Mines | Destroyed 8 combat bots 1018 | -9/Mines | A weapon hastily lodged in a ceiling crevice suddenly fell to the ground 1024 | -9/Mines | Identified exit to Materials 1056 | -9/Mines | Found a damaged Exp. Sensor Array with a note attached 1057 | -9/Mines | Found Prototype Device 1057 | -9/Mines | Identified Exp. Sensor Array 1076 | -9/Mines | Met a Derelict who couldn't figure out how to use a Trap Extractor 1103 | -9/Mines | Discovered exit to Materials (range 11) 1152 | -9/Mines | Entered Materials 1153 | -8/Materials | Core integrity fell below 50% 1154 | -8/Materials | Reached level 5 1177 | -8/Materials | Upgraded with Utility slot (x1) 1251 | -8/Materials | Met 7R-MNS 1320 | -8/Materials | Discovered new exit (range 16) 1372 | -8/Materials | Entered Factory 1373 | -7/Factory | Caught up to 7R-MNS 1374 | -7/Factory | Reached level 6 1376 | -7/Factory | Upgraded with Utility slot (x1) 1408 | -7/Factory | Upgraded with Utility slot (x1) 1609 | -7/Factory | Build established: Hacker-Sprinter 1637 | -7/Factory | Identified exit to Storage 1637 | -7/Factory | Identified exit to Lower Caves 1791 | -7/Factory | Fabricated Greatsword (x2) 1914 | -7/Factory | Reached level 7 1918 | -7/Factory | Upgraded with Propulsion slot (x1) 2088 | -7/Factory | Discovered new exit (range 15) 2113 | -7/Factory | Reached level 8 2116 | -7/Factory | Upgraded with Propulsion slot (x1) 2140 | -7/Factory | Entered Lower Caves 2142 | -7/Lower Caves | Acquired the password to a Derelict Tinkerer's latest research 2180 | -7/Lower Caves | Spotted B-75 Beast 2185 | -7/Lower Caves | Attracted the attention of an 0b10 checkpoint 2200 | -7/Lower Caves | Learned Factory trap positions 2264 | -7/Lower Caves | Core integrity fell below 50% 2301 | -7/Lower Caves | Discovered new exit (range 5) 2303 | -7/Lower Caves | Entered another Lower Caves area 2305 | -7/Lower Caves | Reached level 9 2312 | -7/Lower Caves | Discovered new exit (range 7) 2325 | -7/Lower Caves | Learned 8 Factory zone layouts 2349 | -7/Lower Caves | Learned Factory trap positions 2359 | -7/Lower Caves | Discovered new exit (range 5) 2360 | -7/Lower Caves | Entered Data Miner 2360 | -7/Data Miner | Discovered new exit (range 6) 2365 | -7/Data Miner | Met Data Miner 2370 | -7/Data Miner | Learned location of Section 7 (-2) 2370 | -7/Data Miner | Acquired the access code to Warlord's prototype stash 2375 | -7/Data Miner | Received God Mode back door access code from Data Miner 2379 | -7/Data Miner | Reached level 10 2379 | -7/Data Miner | Interfaced with the Data Conduit 2441 | -7/Data Miner | Core integrity fell below 20% 2444 | -7/Data Miner | Destroyed by Enhanced Grunt with Neutron Cannon Last Messages --------------- Data Miner: I've just received further instructions. God Mode is nearly complete and we think you might be able to put it to better use than Warlord, so if you see an opportunity, hack it and enter \\HF6H to gain control via the back door I've installed. Now off with you. 02376_ Sneak attack on Data Miner. 02376_ Data Miner disappears through a trap door. 02379_ Interfacing with system... 02379_ Reached level 10. Downloaded 134 analysis records. Downloaded 722 prototype IDs. Downloaded central machine database. Downloaded 27 destinations. Downloaded encryption format records. Connection remotely terminated. 02422_ System corrupted: Substantial component data lost. 02428_ Enhanced Grunt Adv. Particle Charger severed. 02431_ Upgraded: TH Damage % (+5) 02434_ Enhanced Grunt Neutron Cannon severed. 02437_ Enhanced Grunt Enh. Flexi-carbon Leg severed. Map ----- +----------------------------------------------------+ | | | | | | | | | | | | | | | | | | | | | | | ????????????????????????????? | | ????????????????????????????? | | ????????????????????????????? | | ????????????????????????????? | | ????????????????????????????? | | ????#################???????? | | ???##"""""""""""""""######??? | | ??##""""""""" """"""""#### | | ??#"""""""""" | | ??#"""" "" | | ??#""" " " | | ??#"" """ | | ??#"g""""" | | ??#g= """" """"" | | ??#]@"""""" """"### | | ??## """""" """""###?? | | ???##"""""""" "#####???? | | ????########"## "#???????? | | ???????????#"### "#???????? | | ???????????#"### "#???????? | | ???????????#"## "#???????? | | ???????????#"## "#???????? | | ?????????????# "#???????? | | ?????????????### "#???????? | | ???????????????# "##??????? | | ??????????????## ""#??????? | | ?????????????## ""#??????? | | ??????????##"#"X ""#??????? | | ??????????""""" "####???? | | ??????????""""" X"""""???? | | ??????????##"#"X "##"#???? | | ???????????#?## X""""#???? | | ??????????????## "##"#???? | | ???????????????#######??????? | | ????????????????????????????? | | ????????????????????????????? | | ????????????????????????????? | | ????????????????????????????? | | ????????????????????????????? | +----------------------------------------------------+ Best States ------------- Heat Dissipation 31 Energy Generation 21 Energy Capacity 290 Matter Stores 300 Matter Capacity 300 Sight Range 16 Robot Scan Range 20 Terrain Scan Density 10 Additional Mass Support 9 Armor Coverage 375 Evasion (%) 75 Melee Accuracy 11 Core Analysis 6 Recoil Reduction 2 Offensive Hacking 30 Defensive Hacking 10 Item Schematics ----------------- Greatsword | -7/Factory | Hacked Stasis Canceller | -7/Factory | Hacked Lyr. Light Armor Plating | -7/Factory | Scanalyzed Combat Drone Bay | -7/Data Miner | Free Lgt. Regenerative Plating | -7/Data Miner | Free Biomechanical Wings | -7/Data Miner | Free Exp. Targeting Computer | -7/Data Miner | Free Com. Ion Cannon | -7/Data Miner | Free Field Propulsion Drive | -7/Data Miner | Free Adv. Salvage Targeting Computer | -7/Data Miner | Free Disruptor Cannon | -7/Data Miner | Free Tesla Rifle | -7/Data Miner | Free Adv. System Restoration Module | -7/Data Miner | Free Point Defense Array | -7/Data Miner | Free Robot Schematics ------------------ B-48 Gladiator | -7/Data Miner | Free G-47 Trooper | -7/Data Miner | Free I-36 Angel | -7/Data Miner | Free C-17 Slicer | -7/Data Miner | Free Fabricated ------------ Greatsword | x2 | -7/Factory Alien Tech Used ----------------- None Achievements -------------- None Challenges ------------ None RPGLIKE | -11 -10 -10 -9 -9 -8 -7 -7 -7 -7 --------- Run | Yrd Mat Min Mat Min Mat Fac Low Low Dat Levels Raised 9 | . . 1 1 1 1 3 . 1 1 XP Earned 17470 | 3000 1025 500 2780 575 1900 3790 1100 650 2150 XP Spent 14100 | 1750 600 . 600 . 4700 4750 900 . 800 Upgrades 27 | 4 3 . 1 . 10 6 2 . 1 Propulsion Slot 3 | 1 . . . . . 2 . . . Utility Slot 4 | 1 . . . . 1 2 . . . Weapon Slot 1 | 1 . . . . . . . . . Heat Dissipation 1 | . . . . . . 1 . . . Energy Generation 1 | . . . . . . 1 . . . Mass Support 2 | . 1 . 1 . . . . . . Inventory Capacity 2 | 1 . . . . 1 . . . . Melee Accuracy 4 | . 2 . . . . . 2 . . Hack Attack % 4 | . . . . . 4 . . . . Hack Defense % 2 | . . . . . 2 . . . . TH Damage % 3 | . . . . . 2 . . . 1 Protomatter Created 116 | . 13 . 24 . 8 35 36 . . Integrity Restored 648 | . . . . . 471 105 72 . . Core 648 | . . . . . 471 105 72 . . Protomatter Decayed 341 | . 13 . 13 . 48 267 . . . Game ------ Seed ShieldFlightMace Manual? 0 Play Time 00:41:49 Cumulative 106.0 hours Start 2024.06.09 @ 10:57:36 End 2024.06.10 @ 17:41:46 Sessions 3 Manual Loads 0 Difficulty Rogue Special Mode Winter2019/RPGLIKE Game No. 95 Rogue 95 Adventurer 0 Explorer 0 Win Type - Total 4 Types 2/0/1/1/0/0/0/0/0 Lore% 67 Gallery% 72 Achievement% 56 Wizard Run 0 Options --------- Layout 0 ASCII 0 Keyboard 0 Movement Mouse Keybinds 0 Fullscreen 2 Font 18/Terminus Map View 76x50 Zoom Use 0% Tactical HUD 1 Map Filters NONE Filters NONE Steam 1 RUN: 9f0f1c0a-6524-427d-a026-81579b4ed052